 Dungeon Crawl Stone Soup version 0.27-a0-46-g34d46f0a3f (webtiles) character file.

Game seed: 13488482144585425943

163 Borgoz the Ruffian (level 5, -3/46 HPs)
             Began as a Ghoul Monk on Jan 6, 2021.
             Was a Believer of Okawaru.
             Slain by an orc warrior
             ... wielding a +0 halberd
              (9 damage)
             ... on level 3 of the Dungeon.
             The game lasted 00:03:59 (3577 turns).

Borgoz the Ruffian (Ghoul Monk)                     Turns: 3577, Time: 00:03:59

Health: -3/46      AC:  7    Str: 13 (15) XL:     5   Next: 44%
Magic:  4/4        EV: 12    Int: 10 (11) God:    Okawaru [**....]
Gold:   185        SH:  0    Dex: 12      Spells: 4/4 levels left

rFire    + . .     SeeInvis .   i - +2 falchion (elec)
rCold    + . .     Faith    .   (no shield)
rNeg     + + +     Spirit   .   a - +0 ring mail
rPois    ∞         Reflect  .   e - +1 helmet
rElec    .         Harm     .   (no cloak)
rCorr    .         Rampage  .   (no gloves)
Will     .....                  (no boots)
Stlth    +.........             (no amulet)
HPRegen  0.00/turn              g - +6 ring of intelligence
MPRegen  0.09/turn              m - ring of protection from fire

@: no status effects
A: claws 1, cold resistance 1, negative energy resistance 3, inhibited
regeneration, torment resistance, unbreathing
a: Renounce Religion, Heroism


You were on level 3 of the Dungeon.
You worshipped Okawaru.
Okawaru was pleased with you.
You visited 1 branch of the dungeon, and saw 3 of its levels.

You collected 185 gold pieces.

Inventory:

Hand Weapons
 i - a +2 falchion of electrocution (weapon)
Armour
 a - a +0 ring mail (worn)
 e - a +1 helmet (worn)
Jewellery
 g - a +6 ring of intelligence (left claw)
 m - a ring of protection from fire (right claw)
Scrolls
 b - 3 scrolls of enchant weapon
 c - 4 scrolls of teleportation
 h - a scroll of remove curse
 q - a scroll of magic mapping
Potions
 d - 2 potions of invisibility
 f - 3 potions of might
 j - a potion of brilliance
 k - a potion of flight


   Skills:
 + Level 4.2 Fighting
 * Level 4.0 Dodging
 - Level 2.1 Stealth
 * Level 4.8 Unarmed Combat


You had 4 spell levels left.
You didn't know any spells.
Your spell library contained the following spells:

 Spells                   Type           Power        Failure   Level
 Beastly Appendage        Tmut           Unusable     N/A         1
 Wereblood                Tmut           Unusable     N/A         2
 Spider Form              Tmut/Pois      Unusable     N/A         3
 Ice Form                 Ice/Tmut       Unusable     N/A         4
 Blade Hands              Tmut           Unusable     N/A         5

Dungeon Overview and Level Annotations

Branches:
Dungeon (3/15)

Altars:
Ashenzari
Dithmenos
Okawaru
Vehumet
Yredelemnul


Innate Abilities, Weirdness & Mutations

You thrive by killing the living.
You are immune to poison.
You have sharp fingernails.
Your flesh is cold resistant. (rC+)
You are immune to negative energy. (rN+++)
You do not regenerate when monsters are visible.
You are immune to unholy pain and torment.
You can survive without breathing.


Message History

Lightning courses through the orc warrior!
The orc warrior is severely wounded.
The gnoll closely misses you.
You hit the orc warrior but do no damage.
The orc warrior is severely wounded.
The gnoll hits you from afar with a cursed -2 spear.
The orc warrior barely misses you.
You hit the orc warrior.
The orc warrior is severely wounded.
The gnoll closely misses you.
The orc warrior hits you with a +0 halberd!
You are too injured to fight recklessly!
You are too injured to fight recklessly!
The orc warrior hits you from afar with a +0 halberd!
* * * LOW HITPOINT WARNING * * *
You see here a +0 club.
There is a stone staircase leading up here.
The gnoll hits you but does no damage.
The orc warrior hits you from afar with a +0 halberd!
You die...

............#
.........#'############
#.....................#
#..................#...
#.......#............#
#..................#.#
#.##...#.....#'......#
# #####g....##....####
#@)o.#####....#...
..####.#####.o..#.##
#..g.......o.o...#...
#######..........###.
#..........# #.
#..........# ##
#..........# #.
#.........^# #.
#..........# #.


You could see an orc warrior and a gnoll.

Vanquished Creatures
  An orc priest (D:2)
  3 gnolls
  3 adders
  A worm (D:3)
  2 dart slugs (D:1)
  2 leopard geckos
  3 orcs (D:2)
  A giant cockroach (D:2)
  5 hobgoblins
  6 jackals
  5 kobolds
  4 quokkas
  6 bats
  5 frilled lizards
  11 goblins
  9 rats
67 creatures vanquished.

Vanquished Creatures (others)
  2 plants (D:1)
2 creatures vanquished.

Grand Total: 69 creatures vanquished

Notes
Turn   | Place    | Note
-------+----------+-------------------------------------------
     0 | D:1      | Borgoz the Ghoul Monk began the quest for the Orb.
     0 | D:1      | Reached XP level 1. HP: 19/19 MP: 0/0
   204 | D:1      | Reached XP level 2. HP: 5/26 MP: 1/1
   209 | D:1      | HP: 1/26 [jackal (2)]
   995 | D:1      | Reached XP level 3. HP: 30/31 MP: 2/2
  1470 | D:2      | Found a shadowy altar of Dithmenos.
  1980 | D:2      | Found a basalt altar of Yredelemnul.
  1980 | D:2      | Found a broken altar of Ashenzari.
  1980 | D:2      | Found a radiant altar of Vehumet.
  2102 | D:2      | Found an iron altar of Okawaru.
  2118 | D:2      | Became a worshipper of Warmaster Okawaru
  2118 | D:2      | Reached * piety under Okawaru
  2118 | D:2      | Reached ** piety under Okawaru
  2203 | D:3      | Reached XP level 4. HP: 40/40 MP: 3/3
  2637 | D:3      | Noticed an orc warrior
  2824 | D:3      | Reached XP level 5. HP: 46/46 MP: 4/4
  3577 | D:3      | Slain by an orc warrior

Illustrated notes

Levels and vault maps discovered:
D:1:      scummos_arrival_gate, layout_basic, serial_forest,
          infiniplex_forest_clump_double, infiniplex_forest_lined_2,
          infiniplex_forest_clump_diagonal, infiniplex_forest_clump_double,
          infiniplex_forest_lined_ring, infiniplex_forest_clump_medium,
          infiniplex_forest_straight_2
D:2:      layout_basic, nicolae_overflow_crystal_walls,
          chequers_temple_overflow_statue_of_worship, minmay_crystal_water,
          chequers_serial_rivers_room_b
D:3:      minmay_inner_zag, layout_basic, st_stairs_11

Skill      XL: |  1  2  3  4  5 |
---------------+----------------+-----
Dodging        | 3 4 |  4.0
Unarmed Combat | 4 |  4.8
Fighting       | 4 |  4.2
Stealth        | |  2.1

Action                   |  1- 3 |  4- 6 || total
-------------------------+-------+-------++-------
Melee: Unarmed           |   118 |   101 ||   219
       Punch             |     2 |     2 ||     4
       Falchion          |       |    13 ||    13
  Use: Scroll            |     6 |     5 ||    11
       Potion            |     1 |     1 ||     2
 Stab: Sleeping          |     8 |       ||     8
Armor: Robe              |    14 |       ||    14
       Ring mail         |    10 |    26 ||    36
       Leather armour    |     2 |       ||     2
Dodge: Dodged            |    96 |    91 ||   187
       Rpst.: Falchion   |       |     5 ||     5

Table legend: (Time is in decaauts)
 A = Elapsed time spent in this place.
 B = Non-inter-level travel time spent in this place.
 C = Inter-level travel time spent in this place.
 D = Time resting spent in this place.
 E = Time spent auto-exploring this place.
 F = Levels seen in this place.
 G = Mean time per level.
                   A        B        C        D        E       F      G
               +--------+--------+--------+--------+--------+-----+--------+
         Total |   3576 |   3537 |     39 |   1591 |   1322 |   3 | 1192.0 |
       Dungeon |   3576 |   3537 |     39 |   1591 |   1322 |   3 | 1192.0 |
               +--------+--------+--------+--------+--------+-----+--------+

Top non-repeatable levels by time:
     D:2: 1931 daAuts
     D:1: 1147 daAuts
     D:3: 497 daAuts
